 Dungeon Crawl Stone Soup version 0.30-a0-331-g8ab09dc110 (webtiles) character file.

Game seed: 6135794732158236197

49 RascalDebosk the Magician (level 4, 0/31 HPs)
             Began as a Djinni Venom Mage on Oct 29, 2022.
             Slain by an endoplasm (2 damage)
             ... on level 2 of the Dungeon.
             The game lasted 00:16:30 (1204 turns).

RascalDebosk the Magician (Djinni Venom Mage)       Turns: 1204, Time: 00:16:31

Health: 0/31       AC:  2    Str:  7    XL:     4   Next: 2%
Gold:   73         EV: 12    Int: 19    God:
                   SH:  0    Dex: 13

rFire   + + .      SeeInvis .    (no weapon)
rCold   x . .      Faith    .    (no shield)
rNeg    . . .      Spirit   .    a - +0 robe
rPois   ∞          Reflect  .    (no helmet)
rElec   .          Harm     .    (no cloak)
rCorr   .          Rampage  .    (no gloves)
Will    .....                    (boots unavailable)
Stlth   ++........               (no amulet)
HPRegen 0.25/turn                (no ring)
MPRegen 0.00/turn                (no ring)

@: flying
A: sickness immunity, fire resistance 2, cold vulnerability 1, float, innate
caster, HP casting, extra vitality 1
a: no special abilities


You were on level 2 of the Dungeon.
You visited 1 branch of the dungeon, and saw 2 of its levels.

You collected 73 gold pieces.

Inventory:

Armour
 a - a +0 robe (worn)
Scrolls
 b - a scroll of identify {unknown}
 f - a scroll of immolation {unknown}
 g - a scroll of enchant armour {unknown}
 i - a scroll of torment {unknown}
 k - a scroll of teleportation {unknown}
Potions
 c - 2 potions of mutation {unknown}
 d - a potion of curing {unknown}
 e - a potion of cancellation {unknown}
 h - 2 potions of heal wounds {unknown}
 j - a potion of haste {unknown}
 l - a potion of lignification {unknown}


   Skills:
 - Level 2.1 Dodging
 - Level 1.5 Stealth
 * Level 3.6 Spellcasting


You couldn't memorise any spells.
You knew the following spells:

 Your Spells              Type           Power      Damage    Failure   Level
a - Sting                 Tmut/Pois      68%        1d6       3%          1
b - Poisonous Vapours     Pois/Air       34%        N/A       4%          2
c - Mephitic Cloud        Conj/Pois/Air  17%        N/A       10%         3
d - Olgreb's Toxic Radia  Pois           17%        N/A       32%         4
e - Summon Small Mammal   Summ           68%        N/A       3%          1
Your spell library was empty.

Dungeon Overview and Level Annotations

Branches:
Dungeon (2/15)

Altars:


Innate Abilities, Weirdness & Mutations

You are immune to sickness and miasma.
You are immune to poison.
Your flesh is very heat resistant. (rF++)
You are vulnerable to cold. (rC-)
You float through the air rather than walking.
You learn spells naturally, not from books.
Your magical power is your life essence.
You have superior vitality. (+4 MHP)


Message History

Poisonous vapours surround the quokka!
The quokka looks even sicker.
You kill the quokka!
Your magical contamination has completely faded away.
You see here a quokka corpse.
Found a lumpy ruby potion.
l - a lumpy ruby potion A ball python comes into view.
Found 2 stones, a leather armour and a scroll labelled XIAPPUNEPP.
An endoplasm comes into view.
Found a metallic silvery potion.
The endoplasm quivers.
Casting: Poisonous Vapours (safe; 6% risk of failure)
Confirm with . or Enter, or press ? or * to list all spells.
You aren't experienced enough to cast this spell.
Casting: Poisonous Vapours (safe; 6% risk of failure)
Confirm with . or Enter, or press ? or * to list all spells.
Aiming: Poisonous Vapours (safe; 6% risk of failure)
Press: ? - help, Dir - move target, f - ball python
Aim: a ball python (asleep) Poisonous vapours surround the ball python!
The ball python is poisoned.
The ball python hisses angrily.
You hear an angry hiss.
An adder comes into view.
Casting: Poisonous Vapours (safe; 6% risk of failure)
Confirm with . or Enter, or press ? or * to list all spells.
Aiming: Poisonous Vapours (safe; 6% risk of failure)
Press: ? - help, Dir - move target, f - adder, p - ball python
Aim: an adder Poisonous vapours surround the adder!
The adder is poisoned.
You kill the ball python!
Casting: Poisonous Vapours (safe; 5% risk of failure)
Confirm with . or Enter, or press ? or * to list all spells.
Aiming: Poisonous Vapours (safe; 5% risk of failure)
Press: ? - help, Dir - move target, f/p - adder
Aim: an adder (poisoned)
You miscast Poisonous Vapours.
You are very lightly contaminated with residual magic.
Nothing appears to happen.
Aiming: Sting (safe; 3% risk of failure)
Press: ? - help, Q - select action, (/) - cycle Shift-Dir - straight line, f/p - adder
Aim: an adder (lightly wounded, poisoned, 57% to hit)
The sting misses the adder.
The sting hits the endoplasm.
The endoplasm partially resists.
The endoplasm is poisoned.
The endoplasm is moderately wounded.
The adder closely misses you. The adder bites you but does no damage.
Aiming: Sting (safe; 3% risk of failure)
Press: ? - help, Q - select action, (/) - cycle Shift-Dir - straight line, f/p - adder
Aim: an adder (moderately wounded, poisoned, 57% to hit)
The sting hits the adder.
The adder looks even sicker.
The adder is moderately wounded.
The adder bites you. The endoplasm misses you.
An endoplasm comes into view.
Aiming: Sting (safe; 3% risk of failure)
Press: ? - help, Q - select action, (/) - cycle Shift-Dir - straight line, f/p - adder
Aim: an adder (heavily wounded, very poisoned, 57% to hit)
The sting hits the adder but does no damage.
The adder looks even sicker.
The adder is heavily wounded.
The endoplasm quivers.
The adder closely misses you. The endoplasm hits you.
Aiming: Sting (safe; 3% risk of failure)
Press: ? - help, Q - select action, (/) - cycle Shift-Dir - straight line, f/p - adder
Aim: an adder (severely wounded, very poisoned, 57% to hit)
The sting hits the adder.
The adder looks as sick as possible!
The adder is almost dead.
* * * LOW HITPOINT WARNING * * *
The adder bites you.
* * * LOW HITPOINT WARNING * * *
The adder closely misses you. The endoplasm freezes you.
You are frozen.
You feel a terrible chill!
* * * LOW HITPOINT WARNING * * *
Aiming: Sting (safe; 3% risk of failure)
Press: ? - help, Q - select action, (/) - cycle Shift-Dir - straight line, f/p - adder
Aim: an adder (almost dead, extremely poisoned, 57% to hit)
The sting hits the adder.
The adder looks as sick as possible!
You kill the adder!
* * * LOW HITPOINT WARNING * * *
The endoplasm closely misses you.
You have reached level 4!
You feel clever.
Aiming: Sting (safe; 3% risk of failure)
Press: ? - help, Q - select action, (/) - cycle Shift-Dir - straight line, f - endoplasm
Aim: an endoplasm (98% to hit)
The sting hits the endoplasm.
The endoplasm partially resists.
The endoplasm is poisoned.
The endoplasm is moderately wounded.
* * * LOW HITPOINT WARNING * * *
The endoplasm hits you.
* * * LOW HITPOINT WARNING * * *
The endoplasm freezes you.
You are frozen.
You feel a terrible chill!
* * * LOW HITPOINT WARNING * * *
The endoplasm attacks as you move away! The endoplasm barely misses you.
Your magical contamination has completely faded away.
The endoplasm attacks as you move away! The endoplasm barely misses you.
You kill the endoplasm!
The endoplasm attacks as you move away! The endoplasm hits you.
You die...

#.# #.......#.####
#.# #.#.....#.....
#.# ##..<....#.####
#####.## #........#.#
#
#......###..#.#.#.#.#
#
#.###.........#.#.#.#
#
#.#......###......#.#
#
#..........###..###.#
#
#..#..J@.....##.....#
#
#..#..######..#...###
# #.##.†# .##..# #
#.#.... .#..#
#.#....( #..#
#.#..#†[# #.†#
#.#..#..? #..# #.##.
#!.. ##..# #..#. ####
#...#


You could see an endoplasm (poisoned).

Vanquished Creatures
  An adder (D:2)
  2 dart slugs
  4 ball pythons
  4 endoplasms
  2 giant cockroaches (D:1)
  2 goblins (D:1)
  2 hobgoblins
  3 jackals (D:1)
  2 quokkas
  5 bats (D:1)
  2 frilled lizards (D:1)
  4 kobolds (D:1)
33 creatures vanquished.

Notes
Turn   | Place    | Note
-------+----------+-------------------------------------------
     0 | D:1      | RascalDebosk the Djinni Venom Mage began the quest for the
                  | Orb.
     0 | D:1      | RascalDebosk set off with the following spells memorised:
                  | Sting, Poisonous Vapours, Mephitic Cloud, Olgreb's Toxic
                  | Radiance.
     0 | D:1      | Reached XP level 1. HP: 15/15 MP: 0/0
   285 | D:1      | Reached XP level 2. HP: 20/21 MP: 0/0
   353 | D:1      | Reached skill level 3 in Spellcasting
   561 | D:1      | Reached XP level 3. HP: 21/25 MP: 0/0
   561 | D:1      | Learned a level 1 spell: Summon Small Mammal
  1201 | D:2      | Reached XP level 4. HP: 6/31 MP: 0/0
  1201 | D:2      | HP: 1/31 [frozen (3)]
  1204 | D:2      | Slain by an endoplasm

Illustrated notes

Levels and vault maps discovered:
D:1:      dpeg_cavernosity, layout_loops_ring, minmay_misc_feat_square
D:2:      layout_basic, minmay_randomly_rotated_circles

Skill      XL: |  1  2 |
---------------+-------+-----
Spellcasting   | 3 |  3.6
Dodging        | |  2.1
Stealth        | |  1.5

Action                   |  1- 3 |  4- 6 || total
-------------------------+-------+-------++-------
Melee: Unarmed           |    24 |       ||    24
 Cast: Sting             |    38 |     1 ||    39
       Poisonous Vapours |    23 |       ||    23
       Mephitic Cloud    |     3 |       ||     3
 Stab: Confused          |     3 |       ||     3
Armor: Robe              |     7 |       ||     7
Dodge: Dodged            |    33 |     2 ||    35

Table legend: (Time is in decaauts)
 A = Elapsed time spent in this place.
 B = Non-inter-level travel time spent in this place.
 C = Inter-level travel time spent in this place.
 D = Time resting spent in this place.
 E = Time spent auto-exploring this place.
 F = Levels seen in this place.
 G = Mean time per level.
                   A        B        C        D        E       F      G
               +--------+--------+--------+--------+--------+-----+--------+
         Total |   1203 |   1169 |     34 |     82 |    716 |   2 |  601.5 |
       Dungeon |   1203 |   1169 |     34 |     82 |    716 |   2 |  601.5 |
               +--------+--------+--------+--------+--------+-----+--------+

Top non-repeatable levels by time:
     D:1: 949 daAuts
     D:2: 254 daAuts
